Map: Terraformation EC (Void)

Players

Tamma

  • Race: Zerg Zerg
  • League: Gold

AgCl - Winner!

  • Race: Protoss Protoss
  • League: Gold

VOD

Have the link to the VOD?

Description

Time

  • Played on: July 17, 2015, 7:56 p.m.
  • Length: 10:55
Show
View Real Time Build Order
Export as new Build Order

Tamma Zerg 

Build Orders: Hatch First 

Get SALT Encoding   

  12  0:00  Drone  
  13  0:08  Drone  
  14  0:17  Extractor  
  14  0:18  Drone  
  15  0:39  Hatchery  
  14  0:46  Extractor  
  14  0:47  Drone  
  15  0:58  Spawning Pool  
  14  1:05  Extractor  
  14  1:07  Drone  
  14  1:50  Zergling x2  
  14  1:53  Spine Crawler  
  14  1:56  Zergling x2  
  14  2:01  Queen  
  17  2:22  Drone x3  
  20  2:39  Overlord  
  22  3:03  Overlord, Extractor  
  21  3:07  Lair  
  19  3:30  Drone x5  
  19  3:31  Drone  
  25  3:48  Drone x2  
  26  3:53  Spine Crawler  
  26  3:58  Drone  
  26  3:59  Drone  
  28  4:09  Hydralisk Den  
  27  4:12  Queen  
  29  4:18  Drone  
  29  4:19  Overlord  
  30  4:26  Evolution Chamber  
  29  4:42  Lurker Den  
  29  4:43  Evolution Chamber  
  28  4:50  Hydralisk  
  28  4:51  Hydralisk x2  
  34  5:21  Hydralisk x2  
  34  5:28  Overlord  
  38  5:48  Hydralisk x3  
  44  6:08  Overlord  
  44  6:14  Lurker x2  
  46  6:21  Overlord  
  46  6:54  Hydralisk x5  
  46  6:55  Hydralisk x2  
  60  7:45  Hydralisk x2  
  60  7:49  Overlord  
  61  7:56  Muscular Augments  
  55  8:24  Hydralisk x3  
  58  8:52  Spire  
  47  9:33  Hydralisk x2  
  47  9:34  Hydralisk x5  
  55  9:55  Hydralisk x2  
  57  10:28  Hydralisk x3  
  45  10:47  Hatchery  
Show
View Real Time Build Order
Export as new Build Order

AgCl Protoss - Winner!

Build Orders: Cannon Rush 

Get SALT Encoding   

  12  0:18  Probe, Pylon  
  13  0:37  Forge  
  13  0:38  Probe  
  14  0:50  Probe  
  15  1:02  Probe  
  16  1:09  Pylon  
  16  1:10  Pylon  
  16  1:13  Pylon  
  16  1:18  Probe  
  17  1:32  Photon Cannon  
  17  1:34  Photon Cannon  
  17  1:36  Pylon  
  17  1:40  Probe  
  18  1:52  Photon Cannon  
  18  1:56  Probe (Chrono Boost)  
  19  2:04  Gateway  
  19  2:08  Probe (Chrono Boost), Assimilator  
  20  2:17  Probe (Chrono Boost)  
  21  2:24  Gateway  
  21  2:26  Pylon  
  21  2:31  Photon Cannon  
  21  2:41  Gateway  
  21  2:48  Photon Cannon  
  22  2:53  Zealot (Chrono Boost)  
  23  3:05  Nexus  
  23  3:06  Probe  
  24  3:19  Probe  
  23  3:31  Probe  
  24  3:43  Probe  
  24  3:45  Assimilator  
  25  3:51  Assimilator  
  25  3:52  Cybernetics Core  
  25  3:54  Pylon  
  25  3:55  Probe, Assimilator  
  26  3:59  Assimilator  
  26  4:07  Probe (Chrono Boost)  
  27  4:10  Pylon  
  27  4:19  Probe (Chrono Boost)  
  27  4:21  Probe (Chrono Boost)  
  29  4:30  Probe x2 (Chrono Boost)  
  31  4:33  Warp Gate (Chrono Boost)  
  31  4:36  Probe (Chrono Boost)  
  33  4:41  Probe (Chrono Boost)  
  34  4:47  Probe (Chrono Boost)  
  34  4:49  Stargate  
  35  4:54  Probe (Chrono Boost)  
  35  4:55  Probe (Chrono Boost)  
  36  5:02  Probe (Chrono Boost)  
  36  5:03  Mothership Core (Chrono Boost)  
  39  5:11  Probe  
  40  5:21  Robotics Facility  
  40  5:22  Probe  
  40  5:23  Pylon  
  42  5:33  Oracle (Chrono Boost)  
  45  5:37  Fleet Beacon  
  45  5:38  Probe (Chrono Boost)  
  45  5:42  Pylon  
  46  5:45  Probe (Chrono Boost)  
  46  5:48  Probe (Chrono Boost)  
  47  5:50  Pylon  
  47  5:54  Probe  
  47  5:56  Probe  
  49  6:06  Probe, Carrier (Chrono Boost)  
  49  6:08  Probe  
  49  6:10  Pylon  
  55  6:15  Pylon  
  51  6:21  Probe (Chrono Boost)  
  59  6:26  Probe (Chrono Boost)  
  59  6:29  Pylon  
  59  6:32  Probe (Chrono Boost)  
  60  6:36  Probe (Chrono Boost)  
  60  6:38  Probe (Chrono Boost)  
  62  6:46  Probe  
  63  6:49  Nexus  
  63  6:50  Probe  
  63  6:53  Assimilator  
  64  6:58  Probe  
  65  7:02  Probe  
  65  7:10  Probe  
  65  7:14  Probe  
  65  7:17  Carrier (Chrono Boost)  
  65  7:32  Observer  
  69  7:38  Graviton Catapult (Chrono Boost)  
  69  7:39  Probe, Protoss Air Weapons Level 1 (Chrono Boost)  
  69  7:40  Probe  
  69  7:42  Pylon  
  71  7:52  Probe (Chrono Boost)  
  71  7:53  Probe (Chrono Boost)  
  73  7:59  Gateway  
  73  8:04  Gateway, Pylon, Probe (Chrono Boost)  
  73  8:05  Stargate  
  75  8:09  Probe (Chrono Boost), Gateway  
  75  8:11  Forge  
  75  8:13  Gateway  
  75  8:14  Pylon  
  75  8:20  Probe  
  75  8:24  Assimilator  
  76  8:38  Probe  
  76  8:39  Probe  
  78  8:41  Carrier (Chrono Boost)  
  78  8:42  Gateway  
  78  8:45  Gateway  
  78  8:46  Twilight Council  
  78  8:48  Probe (Chrono Boost)  
  79  8:49  Pylon  
  79  8:53  Photon Cannon  
  80  8:58  Probe (Chrono Boost)  
  80  9:01  Probe (Chrono Boost)  
  93  9:13  Adept  
  93  9:14  Adept  
  93  9:15  Probe  
  93  9:16  Probe  
  97  9:25  Adept  
  97  9:32  Observer  
  97  9:37  Adept  
  97  9:38  Adept  
  84  9:52  Pylon  
  83  9:54  Photon Cannon  
  83  9:55  Photon Cannon  
  83  9:57  Dark Shrine, Pylon  
  83  9:58  Probe, Photon Cannon  
  83  10:07  Cybernetics Core  
  78  10:17  Zealot x3  
  78  10:21  Probe  
  85  10:23  Probe  
  80  10:35  Cybernetics Core, Probe  
  80  10:37  Cybernetics Core, Pylon  
  80  10:40  Nexus  
  80  10:42  Probe  
  82  10:43  Pylon  
  82  10:46  Photon Cannon  
Tags
 
Add a new tag
Caveats
  • Supply blocks, unpowered buildings, or Contaminate may cause inaccurate times.
  • Supply counts are checked every 10 seconds.